 Dungeon Crawl Stone Soup version bcrawl-1.39.1 (webtiles) character file.

Game seed: 10745377891909703728

12125980 zoran the Covert (level 17, -2/119 HPs)
             Began as a Demonspawn Spelunker on Oct 7, 2023.
             Was the Champion of Hepliaklqana.
             Slain by a reaper
             ... wielding a +3 vampiric scythe
             ... summoned by a deep elf demonologist
              (38 damage)
             ... on level 1 of the Elven Halls.
             The game lasted 01:45:40 (32530 turns).

zoran the Covert (Demonspawn Spelunker)            Turns: 32530, Time: 01:45:41

Health: -2/119     AC: 16    Str: 11      XL:     17   Next: 92%
Magic:  21/31      EV: 20    Int: 16 (17) God:    Hepliaklqana [******]
Gold:   2716       SH:  5    Dex: 19      Spells: 18/36 levels left

rFire    + + .     GDR:     34% a - +2 longbow (freeze)
rCold    + . .     SeeInvis .   (shield currently unavailable)
rNeg     + + +     Gourm    .   D - +0 acid dragon scales
rPois    .         Faith    .   X - +0 helmet
rElec    +         Spirit   .   U - +0 cloak
rCorr    +         Reflect  +   J - +2 pair of gloves
MR       +++..                  (boots unavailable)
Stlth    +++.......             O - amulet "Daqokh" {Reflect rN+++ Str-4 Dex+5 SH+5}
HPRegen  0.29/turn              N - ring of Ejomaepp {rF+ MR++ Stlth--}
MPRegen  0.22/turn              z - ring "Luse" {rElec rF+}

@: about to teleport
A: reduced essence, hooves 3, thin metallic scales 2, cold resistance 1, foul
stench 2, icemail, rot immunity, freezing cloud immunity
}: 2/15 runes: decaying, serpentine
a: Recall Ancestor, Ancestor Identity, Transference, Incarnate, Renounce
Religion


You were on level 1 of the Elven Halls.
You worshipped Hepliaklqana.
Hepliaklqana was exalted by your worship.
You were not hungry.

You visited 6 branches of the dungeon, and saw 26 of its levels.
You also visited: Desolation.

You collected 3234 gold pieces.
You spent 518 gold pieces at shops.

Inventory:

Hand Weapons
 a - a +2 longbow of freezing (weapon)
 q - a +3 quick blade of piercing
Missiles
 P - 3386 arrows (quivered)
 Y - 3 throwing nets {=f}
Armour
 D - +0 acid dragon scales (worn)
 J - a +2 pair of gloves (worn)
 U - a +0 cloak (worn)
 X - a +0 helmet (worn)
Jewellery
 c - an uncursed ring of resist corrosion
 m - an uncursed amulet of the acrobat
 z - the ring "Luse" (right hand) {rElec rF+}
   (You took it off a wight on level 8 of the Dungeon)

   [ring of insulation]

   It protects you from fire.
   It insulates you from electricity.
 I - the ring of Amorality {rPois rF+ rC+}
   (You found it on level 8 of the Dungeon)

   [ring of poison resistance]

   It protects you from fire.
   It protects you from cold.
   It protects you from poison.
 N - the ring of Ejomaepp (left hand) {rF+ MR++ Stlth--}
   (You found it on level 6 of the Lair of Beasts)

   [ring of attention]

   It protects you from fire.
   It affects your resistance to hostile enchantments.
   It makes you much less stealthy.
 O - the amulet "Daqokh" (around neck) {Reflect rN+++ Str-4 Dex+5 SH+5}
   (You acquired it on level 12 of the Dungeon)

   [amulet of reflection]

   It shields you and reflects attacks.
   It affects your strength (-4).
   It affects your dexterity (+5).
   It renders you almost immune to negative energy.
   It affects your SH (+5).
Wands
 b - a wand of paralysis (8)
 d - a wand of digging (8)
 p - a wand of polymorph (45)
 G - a wand of flame (67)
Scrolls
 f - 2 scrolls of noise
 h - a scroll of teleportation
 i - a scroll of enchant armour
 j - 9 scrolls of remove curse
 k - 4 scrolls of fog
 E - a scroll of summoning
 K - 4 scrolls of immolation
 M - a scroll of torment
 R - a scroll of revelation
 S - a scroll of blinking
Potions
 n - 4 potions of brilliance
 o - 3 potions of haste
 t - 2 potions of might
 u - 3 potions of lignification
 w - 5 potions of flight
 x - 8 potions of agility
 y - 3 potions of invisibility
 A - a potion of heal wounds
 C - 9 potions of mutation
 F - 2 potions of curing
 L - a potion of cancellation
 Q - a potion of magic
Miscellaneous
 g - a lamp of fire (inert)
Comestibles
 e - 21 rations {!d}


   Skills:
 - Level 12.0 Fighting
 - Level 8.0 Short Blades
   Level 5.0 Staves
 - Level 8.0 Bows
 - Level 5.0 Armour
 + Level 10.9 Dodging
 + Level 14.6 Stealth
 - Level 10.0 Spellcasting
 - Level 5.0 Hexes
 - Level 5.0 Charms
 - Level 10.0 Necromancy
 - Level 5.0 Transmutations
 + Level 6.4 Earth Magic
 + Level 8.2 Invocations
 - Level 10.0 Evocations


You had 18 spell levels left.
You knew the following spells:

 Your Spells              Type           Power        Failure   Level  Hunger
b - Passwall              Tmut/Erth      ####....     1%          2    None
i - Tukima's Dance        Hex            ###.....     4%          3    None
o - Agony                 Necr           #####...     2%          4    #......
r - Regeneration          Chrm/Necr      ####......   1%          3    None
u - Slow                  Hex            ###.....     1%          1    None
y - Animate Dead          Necr           N/A          2%          4    #......
z - Corona                Hex            ###....      1%          1    None

Your spell library contained the following spells:

 Spells                   Type           Power        Failure   Level  Hunger
 Infusion                 Chrm           ###.....     1%          1    None
 Necrotize                Necr           #####.       1%          1    None
 Corpse Rot               Necr           N/A          1%          2    None
 Sublimation of Blood     Necr           #####.....   1%          2    None
 Vampiric Draining        Necr           #####.....   1%          3    None
 Song of Slaying          Chrm           ###.....     2%          2    None
 Confuse                  Hex            ###.....     4%          3    None
 Spectral Weapon          Hex/Chrm       ###.....     4%          3    None
 Dispel Undead            Necr           #####...     6%          5    ####...
 Ensorcelled Hibernation  Hex/Ice        ###...       7%          2    None
 Swiftness                Chrm/Air       ###.....     7%          2    None
 Dazzling Orbs            Conj/Hex       ###....      14%         3    None
 Ozocubu's Armour         Chrm/Ice       ###.....     14%         3    None
 Cause Fear               Hex            ###.......   17%         4    #......
 Bolt of Draining         Conj/Necr      ###.......   43%         5    ####...
 Borgnjor's Vile Clutch   Necr/Erth      ####......   56%         6    #####..
 Metabolic Englaciation   Hex/Ice        ###.......   78%         5    ####...
 Darkness                 Hex            ###.......   95%         6    #####..
 Simulacrum               Ice/Necr       ###.....     95%         6    #####..
 Freezing Cloud           Ice/Air        #.......     98%         5    ####...
 Infestation              Hex/Tmut/Pois  ###......    99%         6    #####..
 Bolt of Cold             Conj/Ice       #.........   100%        6    #####..
 Ozocubu's Refrigeration  Ice            #.........   100%        6    #####..
 Haunt                    Necr/Summ      ###.......   100%        7    ######.
 Malign Gateway           Summ/Tloc      #.........   100%        7    ######.
 Monstrous Menagerie      Summ           #.........   100%        7    ######.
 Shadow Creatures         Summ           N/A          100%        7    ######.
 Spellforged Servitor     Conj/Summ      #.........   100%        7    ######.
 Summon Greater Demon     Summ           #.........   100%        7    ######.
 Summon Horrible Things   Summ           #.........   100%        8    #######
 Time Stop                Chrm/Tloc      N/A          100%        8    #######


Dungeon Overview and Level Annotations

Branches:
Dungeon (12/12)            Temple (0/1) D:4            Lair (6/6) D:8
  Swamp (3/3) Lair:3        Snake (3/3) Lair:3        Slime (0/5) Orc
    Orc (1/1) D:9             Elf (1/3) Lair:5       Vaults (0/3) D:12
 Depths (0/5) D:12

Altars:
Ashenzari
Dithmenos
Hepliaklqana
Kikubaaqudgha
Sif Muna
Trog
Vehumet
Wu Jian
Xom
Jiyva

Shops:
D:5 }   D:8 }   D:9 [[   Orc ([([%?!=(

Portals:
Trove: D:10 (give horn of Geryon)

Annotations:
D:5 2 runed translucent doors, zoran's ghost, novice KoVM
D:10 3 runed translucent doors, exclusion: orange crystal statue
Swamp:3 3 runed translucent doors, petermcneter's ghost, adept DsFi


Innate Abilities, Weirdness & Mutations

You have hooves in place of feet.
You are mostly covered in thin metallic scales. (AC +3)
Your flesh is cold resistant. (rC+)
You frequently emit foul miasma when damaged in melee.
A meltable icy envelope protects you from harm. (AC +0)
You are immune to rotting.
You are immune to freezing clouds.
Your life essence is reduced to manifest your ancestor. (-10% HP)


Message History

The deep elf demonologist casts a spell.
The sun demon misses you.
You hear a shout!
As you read the scroll of teleportation, it crumbles to dust.
You feel strangely unstable. You block the mana viper's attack.
The deep elf mage is engulfed in blazing flames.
The deep elf mage gestures wildly while chanting.
The reaper hits you from afar with a +3 vampiric scythe!
The sun demon hits you!!
You are engulfed in flames.
You resist.
You emit a cloud of foul miasma!
The orange demon completely misses you.
The Executioner gives a hideous shriek!
You feel much better. The mana viper closely misses you.
The deep elf mage gestures wildly while chanting.
The deep elf mage is engulfed in blazing flames.
The sun demon hits you!
You are engulfed in flames.
You resist. The mana viper bites you!
You feel your power leaking away.
You emit a cloud of foul miasma!
The reaper hits you from afar with a +3 vampiric scythe!!!
You die...

,,,,,,**,,,,,,,***,,* ###*,*
****,,,+.......# *,,* *,*
****,,*#.......# *,,# **** *,*
,,,,,,*#.......# *,.# **,,***,*
,,,,,,*#.....e.# *,.# **,,,,**,**
****,,*#.......# *1.###e,**,,*,,*
*,,*#.......###SS☼4§.****,,,,,
*,,*#.......+.32e§e§.****,,**,
*,,*#.......+@S4e§.§S,**,,****
****,,*#..?....###E....S,,,,,****
,,,,,,*#.......#**...##e,,**,,**,
,,,,,,,+......##*,,.##**,*,,*,,,,
****,,*#.....## *,,.#***,*,,*,,,,
##++###...## **,,.**,,,**,,**,
##..........## *,,..,,,,,,,****
#............##**,*,,,,,**,,****
##.............+,,,,,,,,****,,**,


You could see a reaper, an Executioner, a sun demon, an orange demon, 5 mana
vipers, an earth elemental, 5 deep elf magi and a chaos spawn.

Vanquished Creatures
  A thorn hunter (Swamp:3)
  A nagaraja (Snake:3)
  An orc warlord (Orc)
  An ironheart preserver (D:12)
  3 dire elephants (Lair:6)
  2 fire dragons
  14 hydras
  15 naga warriors
  A peacekeeper (Elf:1)
  Erica (Lair:1)
  An ogre mage (D:12)
  Harold (D:10)
  2 death yaks (Lair:6)
  An anaconda (Lair:6)
  4 two-headed ogres (D:12)
  2 tengu warriors
  An alligator (Swamp:2)
  5 sea snakes (Snake:3)
  4 shock serpents
  3 naga sharpshooters (Snake:3)
  3 centaur warriors
  3 fire crabs
  2 salamander mystics
  A glowing orange brain (D:12)
  An unseen horror (D:10)
  4 naga ritualists
  6 swamp dragons
  A wolf spider zombie (D:12)
  An orc knight (D:9)
  2 cyclopes
  An ironheart convoker (Desolation)
  4 mana vipers (Snake:1)
  3 deep elf magi (Elf:1)
  5 salamanders
  2 orc sorcerers (Orc)
  4 ugly things
  A manticore (D:11)
  5 elephants
  13 black mambas
  A guardian serpent (Snake:3)
  A gargoyle (D:12)
  17 naga magi
  5 cane toads
  A kobold demonologist (D:11)
  A torpor snail (Lair:6)
  An efreet (D:12)
  A troll (D:8)
  A meliai (D:12)
  A wolf spider simulacrum (D:12)
  9 tyrant leeches
  A tengu conjurer (D:12)
  A polar bear (D:9)
  A hornet (Swamp:3)
  5 saltlings (Desolation)
  5 slime creatures
  4 bog bodies
  7 blink frogs
  2 harpy skeletons
  4 hippogriffs
  A meliai zombie (D:10)
  A spriggan (Swamp:3)
  Sigmund (D:3)
  An air elemental (Elf:1)
  A basilisk (D:8)
  A wraith (D:11)
  10 yaks
  2 wyverns
  A golden eye (shapeshifter) (D:12)
  A hungry ghost (D:10)
  3 vampire mosquitoes
  2 steam dragons (Swamp:3)
  Menkaure (D:7)
  29 nagas
  9 swamp worms
  5 crocodiles
  A warg (Orc)
  3 water moccasins
  A swamp worm (shapeshifter) (D:12)
  4 ice beasts
  5 porcupines
  A hornet zombie (D:7)
  A soldier ant (shapeshifter) (D:12)
  19 orc warriors
  6 swamp drakes (Swamp:3)
  2 necrophages
  2 phantoms
  5 wolves
  10 ogres
  3 kobold brigands
  7 bullfrogs
  10 centaurs
  A scorpion (D:11)
  4 killer bees (D:8)
  5 wights (D:12)
  An electric eel (Snake:3)
  14 orc priests
  2 howler monkeys
  5 crimson imps
  A bullfrog zombie (D:8)
  A quasit (D:12)
  3 hounds
  3 jellies
  2 bullfrog skeletons (D:5)
  10 orc wizards
  2 iguanas (D:5)
  5 worker ants
  A hound zombie (D:10)
  2 worker ant zombies
  3 gnolls (D:5)
  9 adders
  3 shadow imps
  3 oozes
  An adder zombie (D:8)
  An adder skeleton (D:9)
  A worm (D:3)
  A worm (shapeshifter) (D:12)
  3 dart slugs
  3 leopard geckos
  77 orcs
  4 giant cockroaches
  12 goblins
  7 hobgoblins
  9 jackals
  5 quokkas
  2 ball pythons
  6 bats
  3 frilled lizards
  A jackal skeleton (D:4)
  15 kobolds
  7 rats
  3 plants (Lair:6)
585 creatures vanquished.

Vanquished Creatures (collateral kills)
  2 nagarajas (Snake:3)
  2 dire elephants (Lair:6)
  2 ragged hierophants (Desolation)
  A deep elf death mage (Elf:1)
  A fire dragon (Swamp:3)
  Urug (Lair:1)
  Fannar (D:10)
  8 hydras
  A peacekeeper (Elf:1)
  7 naga warriors
  Psyche (D:11)
  A ghost crab (Swamp:3)
  A shambling mangrove (Swamp:1)
  2 anacondas
  4 tengu warriors
  3 two-headed ogres
  2 alligators (Swamp:2)
  7 sea snakes
  2 orc high priests (Orc)
  4 naga sharpshooters (Snake:3)
  3 centaur warriors
  3 shock serpents
  2 deep elf knights (Elf:1)
  A fire crab (Orc)
  2 salamander mystics
  A death drake (Swamp:1)
  A wolf spider zombie (D:8)
  2 spriggan druids (Swamp:3)
  3 lindwurms
  2 naga ritualists (Snake:3)
  An unseen horror (D:12)
  A deep elf archer (Elf:1)
  A cyclops (D:8)
  An orc knight (D:11)
  2 mana vipers (Snake:3)
  An oklob plant (Lair:6)
  4 deep elf magi
  2 orc sorcerers (Orc)
  A manticore (D:11)
  6 salamanders
  4 ugly things
  3 guardian serpents
  4 elephants (Lair:6)
  12 black mambas
  18 naga magi
  7 cane toads
  2 rime drakes
  8 komodo dragons
  A tengu conjurer (Elf:1)
  A harpy zombie (D:12)
  4 meliai (D:12)
  A tyrant leech (Swamp:2)
  A troll (Orc)
  2 hornets
  4 bog bodies
  13 blink frogs
  3 hippogriffs
  7 saltlings (Desolation)
  4 slime creatures
  10 yaks
  A human (D:8)
  A hungry ghost (D:6)
  A basilisk (Lair:6)
  A steam dragon (Swamp:3)
  9 vampire mosquitoes
  2 wargs (Orc)
  3 crocodiles
  A swamp worm (Swamp:2)
  3 porcupines
  25 nagas
  An acid dragon (Lair:1)
  A floating eye (D:12)
  4 water moccasins
  A soldier ant (D:9)
  2 sky beasts
  7 orc warriors (Orc)
  2 ice beasts
  5 swamp drakes
  5 ogres
  A phantom (D:12)
  A wolf (shapeshifter) (D:11)
  4 wolves
  4 bullfrogs
  4 centaurs
  2 scorpions (D:8)
  2 killer bees
  2 wights
  2 howler monkeys (D:11)
  5 orc priests
  3 crimson imps
  3 hounds
  3 jellies
  A bullfrog skeleton (D:7)
  An iguana (D:7)
  12 orc wizards
  4 worker ants
  A hound skeleton (D:4)
  2 adders
  An ooze (D:3)
  An adder zombie (D:8)
  A worm (D:3)
  24 orcs
  A bat (Orc)
  A goblin (D:5)
  A hobgoblin (D:3)
  A jackal (D:4)
  A quokka (D:3)
  A ball python (D:3)
  4 kobolds
  4 plants
375 creatures vanquished.

Vanquished Creatures (others)
  A hydra (Swamp:3)
  A naga warrior (Snake:3)
  A naga sharpshooter (Snake:2)
  A deep elf mage (Elf:1)
  A naga mage (Snake:3)
  2 hornets
  3 steam dragons (Swamp:3)
  7 dancing weapons
  A swamp drake (Swamp:3)
  A sky beast (D:11)
  An orc warrior (D:9)
  An earth elemental (Elf:1)
  44 battlemagi
  An adder (D:8)
  4 ancestors
  7 fungi
  51 plants
128 creatures vanquished.

Grand Total: 1088 creatures vanquished

Notes
Turn   | Place    | Note
-------+----------+-------------------------------------------
     0 | D:1      | zoran the Demonspawn Spelunker began the quest for the Orb.
     0 | D:1      | Reached XP level 1. HP: 16/16 MP: 3/3
    87 | D:1      | Gained mutation: Your flesh is cold resistant. (rC+)
                  | [demonic ancestry]
    87 | D:1      | Reached XP level 2. HP: 22/22 MP: 1/5
   297 | D:1      | Gained mutation: You are immune to freezing clouds.
                  | [demonic ancestry]
   297 | D:1      | Reached XP level 3. HP: 9/27 MP: 2/6
  1218 | D:2      | Reached XP level 4. HP: 33/33 MP: 5/7
  1621 | D:2      | Reached skill level 1 in Armour
  1621 | D:2      | Reached skill level 1 in Dodging
  1725 | D:3      | Noticed Sigmund
  1731 | D:3      | Found a hazy altar of Hepliaklqana.
  1732 | D:3      | Found a shimmering blue altar of Sif Muna.
  1733 | D:3      | Found a glowing golden altar of the Shining One.
  1739 | D:3      | Became a worshipper of Hepliaklqana the Forgotten
  1773 | D:3      | Gained mutation: You are immune to rotting. [demonic
                  | ancestry]
  1773 | D:3      | Reached XP level 5. HP: 20/35 MP: 1/9
  1954 | D:3      | Killed Sigmund
  1955 | D:3      | Reached skill level 4 in Stealth
  1955 | D:3      | Reached XP level 6. HP: 25/42 MP: 5/10
  2440 | D:3      | Found an ornate altar of the Wu Jian Council.
  2509 | D:3      | Reached skill level 5 in Stealth
  2868 | D:4      | Noticed a water moccasin
  2905 | D:3      | Reached XP level 7. HP: 14/48 MP: 11/11
  3140 | D:4      | Reached skill level 5 in Fighting
  3391 | D:4      | Found a staircase to the Ecumenical Temple.
  3976 | D:5      | Entered Level 5 of the Dungeon
  4023 | D:5      | Gained mutation: You are partially covered in thin metallic
                  | scales. (AC +2) [demonic ancestry]
  4023 | D:5      | Reached XP level 8. HP: 34/55 MP: 12/12
  4128 | D:5      | Reached * piety under Hepliaklqana
  4377 | D:5      | Found a large runed translucent door.
  4377 | D:5      | Found a large runed translucent door.
  4377 | D:5      | Noticed zoran's ghost (novice KoVM)
  4541 | D:5      | Found Salowk's Gadget Shoppe.
  4563 | D:5      | Bought a wand of flame (18) for 83 gold pieces
  4563 | D:5      | Bought a wand of random effects (6) for 47 gold pieces
  4563 | D:5      | Bought a wand of paralysis (10) for 121 gold pieces
  4687 | D:5      | Found a bloodstained altar of Trog.
  4982 | D:6      | Learned a level 1 spell: Slow
  5084 | D:6      | Noticed a hippogriff
  5102 | D:6      | Killed a hippogriff
  5103 | D:6      | Reached skill level 1 in Staves
  5249 | D:6      | Reached skill level 5 in Dodging
  5421 | D:6      | Reached skill level 5 in Armour
  5628 | D:6      | Reached ** piety under Hepliaklqana
  5629 | D:6      | Remembered your ancestor Aline as a battlemage
  5875 | D:7      | Gained mutation: You have large cloven feet. [demonic
                  | ancestry]
  5875 | D:7      | Reached XP level 9. HP: 39/61 MP: 13/13
  5986 | D:7      | Learned a level 3 spell: Tukima's Dance
  5989 | D:7      | Found a shadowy altar of Dithmenos.
  5999 | D:7      | Found a shattered altar of Ashenzari.
  6069 | D:7      | Noticed a centaur warrior
  6081 | D:7      | Killed a centaur warrior
  6082 | D:7      | Reached skill level 5 in Staves
  6340 | D:7      | Noticed Menkaure
  6344 | D:7      | Killed Menkaure
  6505 | D:7      | Found an ancient bone altar of Kikubaaqudgha.
  6721 | D:7      | Reached skill level 1 in Bows
  6925 | D:8      | Reached skill level 5 in Invocations
  6954 | D:7      | Reached skill level 5 in Spellcasting
  7155 | D:8      | Noticed a cyclops
  7286 | D:7      | Gained mutation: You may emit foul miasma when damaged in
                  | melee. [demonic ancestry]
  7286 | D:7      | Reached XP level 10. HP: 34/66 MP: 15/17
  7602 | D:8      | Noticed a centaur warrior
  7605 | D:8      | Found Doanoth's Gadget Shoppe.
  7605 | D:8      | Killed a centaur warrior
  7606 | D:8      | Reached skill level 5 in Bows
  7752 | D:8      | Found a staircase to the Lair.
  7757 | D:8      | Bought a wand of charming (5) for 78 gold pieces
  7757 | D:8      | Bought a wand of paralysis (8) for 117 gold pieces
  8070 | D:8      | Found a radiant altar of Vehumet.
  8182 | D:8      | Killed a cyclops
  8419 | D:8      | Noticed a green ugly thing
  8429 | D:8      | Killed a green ugly thing
  8652 | D:8      | Noticed a white ugly thing
  8671 | D:8      | Killed a white ugly thing
  8672 | D:8      | Gained mutation: A meltable icy envelope protects you from
                  | harm. (AC +0) [demonic ancestry]
  8672 | D:8      | Reached XP level 11. HP: 20/72 MP: 18/18
  8700 | D:8      | Identified the cursed ring of Syruo {Fire rElec rPois Str-3
                  | Dex+8 Stlth-}
  8700 | D:8      | Noticed a tengu warrior
  8713 | D:8      | Killed a tengu warrior
  8714 | D:8      | Reached skill level 5 in Hexes
  8771 | D:8      | Identified the ring "Luse" {rElec rF+}
  8797 | D:8      | Noticed a white ugly thing
  8806 | D:8      | Killed a white ugly thing
  8904 | D:8      | Noticed a cyclops
  8917 | D:8      | Killed a cyclops
  8984 | D:8      | Got a vibrating golden ring
  8993 | D:8      | Got a serpentine brass ring
  9076 | D:8      | Identified the ring of Taxt {rPois Str+5 Dex+3 Slay+2} (You
                  | found it on level 8 of the Dungeon)
  9078 | D:8      | Identified the ring of Amorality {rPois rF+ rC+} (You found
                  | it on level 8 of the Dungeon)
  9152 | D:9      | Found Tiuwn's Armour Emporium.
  9161 | D:9      | Reached *** piety under Hepliaklqana
  9204 | D:9      | Noticed a centaur warrior
  9208 | D:9      | Killed a centaur warrior
  9326 | D:9      | Reached skill level 5 in Transmutations
  9326 | D:9      | Reached skill level 5 in Earth Magic
  9473 | D:9      | Found a staircase to the Orcish Mines.
  9597 | D:9      | Found Qyudojieh's Antique Armour Boutique.
  9819 | D:9      | Noticed Erolcha
  9824 | D:9      | Noticed Erolcha
  9824 | D:9      | Erolcha changed into Erolcha the soldier ant
  9827 | D:9      | Killed Erolcha the soldier ant
 10137 | Orc      | Entered the Orcish Mines
 10234 | Orc      | Noticed Nessos
 10237 | Orc      | Noticed Nessos
 10237 | Orc      | Nessos changed into Nessos the fire crab
 10238 | Orc      | Noticed an orc sorcerer
 10255 | D:9      | Identified the +3 hand crossbow "Glorpo" {penet, Dex+4}
 10404 | Lair:1   | Entered Level 1 of the Lair of Beasts
 10441 | Lair:1   | Noticed Erica
 10449 | Lair:1   | Killed Erica
 10556 | Lair:1   | Reached skill level 6 in Stealth
 10628 | Lair:1   | Reached **** piety under Hepliaklqana
 10651 | Lair:1   | Noticed a seven-headed hydra
 10658 | Lair:1   | Killed a seven-headed hydra
 10709 | Lair:1   | Noticed a five-headed hydra
 10716 | Lair:1   | Killed a five-headed hydra
 10717 | Lair:1   | Reached skill level 7 in Stealth
 10717 | Lair:1   | Gained mutation: You are mostly covered in thin metallic
                  | scales. (AC +3) [demonic ancestry]
 10717 | Lair:1   | Reached XP level 12. HP: 64/82 MP: 19/19
 10834 | Lair:1   | Got a fading ring mail
 10846 | Lair:1   | Noticed Urug
 10891 | Lair:1   | Reached skill level 8 in Stealth
 10906 | Lair:1   | Killed Urug
 11256 | Lair:1   | Reached skill level 9 in Stealth
 11271 | Lair:1   | Identified the +4 ring mail of Indecent Exposure {*Drain
                  | rC++ Str+9} (You found it on level 1 of the Lair of Beasts)
 11789 | Lair:2   | Reached ***** piety under Hepliaklqana
 12076 | Lair:2   | Reached skill level 10 in Stealth
 12128 | Lair:2   | Noticed a six-headed hydra
 12134 | Lair:2   | Killed a six-headed hydra
 12360 | Lair:3   | Found a shimmering altar of Xom.
 12787 | Lair:3   | Reached skill level 11 in Stealth
 12814 | Lair:3   | Found a staircase to the Snake Pit.
 13139 | Lair:3   | Noticed a five-headed hydra
 13145 | Lair:3   | Killed a five-headed hydra
 13255 | Lair:3   | Found a staircase to the Swamp.
 13605 | Lair:4   | Reached skill level 12 in Stealth
 13728 | Lair:4   | Noticed an eight-headed hydra
 13735 | Lair:4   | Killed an eight-headed hydra
 13736 | Lair:4   | Gained mutation: You frequently emit foul miasma when
                  | damaged in melee. [demonic ancestry]
 13736 | Lair:4   | Reached XP level 13. HP: 83/88 MP: 20/20
 13976 | Lair:4   | Reached skill level 13 in Stealth
 14740 | Lair:5   | Learned a level 3 spell: Regeneration
 14857 | Lair:5   | Reached skill level 1 in Necromancy
 14925 | Lair:5   | Reached skill level 1 in Charms
 14926 | Lair:5   | Identified a scroll of acquirement
 14928 | Lair:5   | Identified the -4 medium shield "Beeteit" {+Fly Str-5
                  | Slay+6} (You acquired it on level 5 of the Lair of Beasts)
 15101 | Lair:5   | Found a staircase to the Elven Halls.
 15298 | Lair:6   | Entered Level 6 of the Lair of Beasts
 15355 | Lair:6   | Reached skill level 14 in Stealth
 15510 | Lair:6   | Got an ancient leather armour
 15635 | Lair:6   | Reached ****** piety under Hepliaklqana
 16468 | Lair:6   | Identified the +1 leather armour of Vefual {Int+4} (You
                  | found it on level 6 of the Lair of Beasts)
 16651 | Lair:6   | Noticed a dire elephant
 16651 | Lair:6   | Noticed a dire elephant
 16665 | Lair:6   | Noticed a dire elephant
 16839 | Lair:6   | Killed a dire elephant
 16880 | Lair:6   | Noticed a dire elephant
 16885 | Lair:6   | Noticed a dire elephant
 16889 | Lair:6   | Killed a dire elephant
 16890 | Lair:6   | Reached skill level 5 in Necromancy
 16890 | Lair:6   | Reached XP level 14. HP: 82/97 MP: 21/21
 17351 | Lair:6   | Got a wavering bone ring
 17370 | Lair:6   | Identified the cursed ring of Ejomaepp {rF+ MR++ Stlth--}
                  | (You found it on level 6 of the Lair of Beasts)
 17620 | Orc      | Reached skill level 5 in Charms
 17658 | D:9      | Reached skill level 10 in Fighting
 17734 | Orc      | Killed Nessos the fire crab
 17946 | Orc      | Found Qoif's Distillery.
 18001 | Orc      | Found Hoamied's Food Shop.
 18003 | Orc      | Found Qiloalei's Magic Scroll Shoppe.
 18039 | Orc      | Bought a scroll of identify for 24 gold pieces
 18039 | Orc      | Bought a scroll of identify for 24 gold pieces
 18039 | Orc      | Bought a scroll of identify for 24 gold pieces
 18049 | Orc      | Found a roughly hewn altar of Beogh.
 18091 | Orc      | Found a roughly hewn altar of Beogh.
 18104 | Orc      | Noticed an orc warlord
 18116 | Orc      | Killed an orc warlord
 18210 | Orc      | Found Xuuqio's Antique Armour Emporium.
 18211 | Orc      | Found a roughly hewn altar of Beogh.
 18212 | Orc      | Found Xoxuext's Antique Weapon Shoppe.
 18244 | Orc      | Found a roughly hewn altar of Beogh.
 18292 | Orc      | Found a roughly hewn altar of Beogh.
 18305 | Orc      | Found Uwkatz's Armour Emporium.
 18446 | Orc      | Found Foocvakh's Antique Weapon Boutique.
 18463 | Orc      | Found a viscous altar of Jiyva.
 18463 | Orc      | Found a staircase to the Slime Pits.
 18463 | Orc      | Found a viscous altar of Jiyva.
 18665 | Orc      | Found a roughly hewn altar of Beogh.
 18669 | Orc      | Found Ighoriol's Antique Weapon Emporium.
 18694 | Orc      | Found a roughly hewn altar of Beogh.
 18700 | Orc      | Found Pacukub's Jewellery Boutique.
 19135 | D:10     | Entered Level 10 of the Dungeon
 19272 | D:10     | Found a runed translucent door.
 19285 | D:10     | Identified the cursed ring "Kewal" {Ice rN+}
 19285 | D:10     | Noticed Fannar
 19352 | D:10     | Noticed Harold
 19386 | D:10     | Killed Harold
 19387 | D:10     | Reached skill level 5 in Short Blades
 19642 | D:10     | Found a runed translucent door.
 19738 | D:10     | Found a portal to a secret trove of treasure.
 19781 | D:10     | Killed Fannar
 19917 | D:10     | Found a runed translucent door.
 19929 | D:10     | Found a runed translucent door.
 20461 | D:11     | Noticed Psyche
 20469 | D:11     | Killed Psyche
 20503 | D:11     | Got a brightly glowing iron ring
 21230 | D:12     | Entered Level 12 of the Dungeon
 21381 | D:12     | Identified the amulet "Daqokh" {Reflect rN+++ Str-4 Dex+5
                  | SH+5} (You acquired it on level 12 of the Dungeon)
 21381 | D:12     | Identified zoran's Almanac of Transmigration (You acquired
                  | it on level 12 of the Dungeon)
 21659 | D:12     | Noticed Sonja
 21660 | D:12     | Noticed Sonja
 21660 | D:12     | Sonja changed into Sonja the shapeshifter
 21661 | D:12     | Noticed Sonja
 21661 | D:12     | Sonja the shapeshifter changed into Sonja the golden eye
 21668 | D:12     | Killed Sonja the golden eye
 21841 | D:12     | Noticed an ironheart preserver
 21848 | D:12     | Reached XP level 15. HP: 83/103 MP: 22/22
 22075 | D:12     | Found a gate to the Vaults.
 22158 | D:12     | Found a staircase to the Depths.
 22365 | D:12     | Reached skill level 10 in Dodging
 22890 | D:12     | Identified the cursed ring of Womoegoa {Fire *Drain rElec
                  | rN+} (You found it on level 11 of the Dungeon)
 23100 | Swamp:1  | Entered Level 1 of the Swamp
 24902 | Swamp:3  | Entered Level 3 of the Swamp
 24909 | Swamp:3  | Learned a level 4 spell: Agony
 24971 | Swamp:3  | Noticed a thorn hunter
 24985 | Swamp:3  | Killed a thorn hunter
 25315 | Swamp:3  | Gained mutation: You have hoof-like feet. [demonic
                  | ancestry]
 25315 | Swamp:3  | Reached XP level 16. HP: 109/109 MP: 29/29
 25694 | Swamp:3  | Got a decaying rune of Zot
 25799 | Swamp:3  | Found a runed translucent gate.
 25799 | Swamp:3  | Found a runed translucent gate.
 25799 | Swamp:3  | Found a runed translucent gate.
 25800 | Swamp:3  | Noticed petermcneter's ghost (adept DsFi)
 25801 | Swamp:3  | Noticed a thorn hunter
 26215 | Snake:1  | Entered Level 1 of the Snake Pit
 26233 | Snake:1  | Reached skill level 10 in Spellcasting
 26664 | Snake:1  | Reached skill level 5 in Evocations
 27361 | Snake:2  | Reached skill level 10 in Necromancy
 27376 | Snake:2  | Learned a level 4 spell: Animate Dead
 28657 | Snake:3  | Entered Level 3 of the Snake Pit
 29074 | Snake:3  | Reached skill level 10 in Evocations
 29115 | Snake:3  | Gained mutation: You have hooves in place of feet. [demonic
                  | ancestry]
 29115 | Snake:3  | Reached XP level 17. HP: 41/115 MP: 25/31
 31250 | Snake:3  | Got a serpentine rune of Zot
 31532 | Lair:5   | Identified the +2 medium shield "Okeck" {Int+2, pickup}
                  | (You found it on level 5 of the Lair of Beasts)
 31959 | Elf:1    | Entered Level 1 of the Elven Halls
 32128 | Elf:1    | Found a crumbling gateway.
 32157 | Desolati | Entered the Desolation of Salt
 32383 | Elf:1    | Identified the cursed +1 robe "Uhutiegu" {rF+++ MR- Str-3
                  | Stlth+}
 32530 | Elf:1    | Slain by a reaper

Skill      XL: |  1  2  3  4  5  6  7  8  9 10 11 12 13 14 15 16 17 |
---------------+----------------------------------------------------+-----
Short Blades   | 2 7 8 |  8.0
Earth Magic    | 2 3 5 6 |  6.4
Transmutations | 2 3 5 |  5.0
Armour         | 1 3 5 |  5.0
Dodging        | 1 3 5 8 10 | 10.9
Fighting       | 3 4 5 6 8 9 10 12 | 12.0
Stealth        | 4 5 7 12 14 | 14.6
Spellcasting   | 3 5 9 10 | 10.0
Hexes          | 3 4 5 |  5.0
Evocations     | 3 10 | 10.0
Staves         | 3 5 |  5.0
Invocations    | 5 8 |  8.2
Bows           | 3 6 8 |  8.0
Necromancy     | 5 6 10 | 10.0
Charms         | 4 5 |  5.0

Action                   |  1- 3 |  4- 6 |  7- 9 | 10-12 | 13-15 | 16-18 || total
-------------------------+-------+-------+-------+-------+-------+-------++-------
Melee: Dagger            |   166 |    16 |       |    44 |       |       ||   226
       Quarterstaff      |       |    75 |   209 |       |       |       ||   284
       Quick blade       |       |       |       |       |    78 |     3 ||    81
 Fire: Longbow           |       |       |    62 |   507 |  1174 |   946 ||  2689
 Cast: Corona            |    40 |    19 |    10 |     9 |     1 |     2 ||    81
       Slow              |       |       |    12 |     7 |    11 |     3 ||    33
       Tukima's Dance    |       |       |       |    15 |    13 |    33 ||    61
       Agony             |       |       |       |       |       |    46 ||    46
       Animate Dead      |       |       |       |       |       |     8 ||     8
Invok: Recall Ancestor   |       |     1 |     3 |     5 |     2 |    10 ||    21
       Ancestor Identity |       |       |     1 |       |       |       ||     1
       Ancestor Life: Ba |       |       |     1 |       |       |       ||     1
Evoke: Lamp of fire      |     1 |     2 |     1 |     3 |     4 |     4 ||    15
       Wand              |       |       |    14 |    38 |    16 |    18 ||    86
       Box of beasts     |       |       |       |       |       |     2 ||     2
  Use: Potion            |     1 |     3 |     2 |     2 |     1 |     6 ||    15
       Scroll            |     2 |     1 |     2 |    11 |    21 |    10 ||    47
 Stab: Sleeping          |     1 |     2 |     5 |     4 |     1 |     1 ||    14
       Distracted        |       |       |     3 |     3 |       |       ||     6
       Paralysed         |       |       |     1 |     8 |     4 |     2 ||    15
       Confused          |       |       |       |     1 |       |       ||     1
  Eat: Chunk             |     6 |     8 |    23 |    42 |    48 |    15 ||   142
       Ration            |       |       |     1 |       |     9 |    12 ||    22
Armor: Leather armour    |    62 |    34 |    99 |   111 |       |       ||   306
       Skin              |       |       |       |    22 |       |       ||    22
       Acid dragon scale |       |       |       |    55 |   405 |   234 ||   694
Dodge: Dodged            |   103 |    71 |   232 |   174 |   503 |   495 ||  1578
Block: Other             |       |       |       |       |    56 |   127 ||   183
       Reflection        |       |       |       |       |     4 |    34 ||    38
